3L
PANAMA CITY PIRANHAS @ LONG ISLAND LIGHTHOUSE
08/20/2041
 
TOP OF THE 1ST
Panama City Piranhas batting - Pitching for Long Island Lighthouse : RHP Jeremy Brody
Pitching: RHP Jeremy Brody
Batting: LHB Oasiz Wiesblatt 0-0: Ball
1-0: Ground out U3 (Groundball, 3L, EV 105.0 MPH)
Batting: RHB Cleveland Kraut 0-0: Ball
1-0: Ball
2-0: Ball
3-0: Base on Balls
Batting: RHB Blaze Alexander 0-0: Ball
1-0: Swinging Strike
1-1: Foul Ball, location: 2F
1-2: Foul Ball, location: 2F
1-2: Ball
2-2: Strikes out looking
Batting: RHB Kieran Hansen 0-0: Ball
1-0: Ball
2-0: Foul Ball, location: 2F
2-1: Foul Ball, location: 2F
2-2: Fly out, F7 (Line Drive, 7, EV 96.9 MPH)
Top of the 1st over - 0 runs, 0 hits, 0 errors, 1 left on base; Panama City 0 - Long Island 0
BOTTOM OF THE 1ST
Long Island Lighthouse batting - Pitching for Panama City Piranhas : RHP José Rosales
Pitching: RHP José Rosales
Batting: RHB Eugene Bennett 0-0: Ball
1-0: Foul Ball, location: 2F
1-1: Ball
2-1: Fly out, F9 (Flyball, 9S, EV 89.4 MPH)
Batting: RHB Mark Toope 0-0: Ball
1-0: Foul Ball, location: 2F
1-1: Foul Ball, location: 2F
1-2: Ball
2-2: Ground out 5-3 (Groundball, 56, EV 79.4 MPH)
Batting: RHB Jonas van Claveren 0-0: Called Strike
0-1: Foul Ball, location: 2F
0-2: TRIPLE (Flyball, 89XD, EV 101.9 MPH)
Batting: RHB Oliver Villalva 0-0: Called Strike
0-1: Ball
Wild Pitch!
Jonas van Claveren scores
1-1: Ball
2-1: Ball
3-1: Foul Ball, location: 2F
3-2: Foul Ball, location: 2F
3-2: Base on Balls
Batting: SHB Vicente Romero 0-0: Ball
1-0: Swinging Strike
1-1: Ground out 4-3 (Groundball, 4, EV 90.6 MPH)
Bottom of the 1st over - 1 run, 1 hit, 0 errors, 1 left on base; Panama City 0 - Long Island 1
TOP OF THE 2ND
Panama City Piranhas batting - Pitching for Long Island Lighthouse : RHP Jeremy Brody
Batting: RHB Hyeon-cheong Kim 0-0: Ball
1-0: Foul Ball, location: 2F
1-1: Swinging Strike
1-2: Strikes out swinging
Batting: LHB Ji-e Loh 0-0: Swinging Strike
0-1: Fly out, F7 (Line Drive, 7, EV 86.9 MPH)
Batting: RHB Carsello Scruggins 0-0: Called Strike
0-1: Ball
1-1: Called Strike
1-2: Foul Ball, location: 2F
1-2: Ground out 6-3 (Groundball, 6, EV 106.2 MPH)
Top of the 2nd over - 0 runs, 0 hits, 0 errors, 0 left on base; Panama City 0 - Long Island 1
BOTTOM OF THE 2ND
Long Island Lighthouse batting - Pitching for Panama City Piranhas : RHP José Rosales
Batting: RHB Carlos Mendoza 0-0: Ball
1-0: Fly out, F8 (Flyball, 8RXD, EV 106.9 MPH)
Batting: RHB Quan Easterling 0-0: SINGLE (Line Drive, 6MD, EV 103.8 MPH)
Batting: LHB Daniel Joseph 0-0: Called Strike
0-1: Ball
1-1: Foul Ball, location: 2F
1-2: Fielders Choice at 2nd, 3-6 (Groundball, 3, EV 103.1 MPH)
Batting: RHB Nathan Pruitt 0-0: Foul Ball, location: 2F
0-1: Ball
1-1: Ball
2-1: Foul Ball, location: 2F
2-2: Foul Ball, location: 2F
2-2: Ball
Daniel Joseph steals 2nd base
3-2: Hit by Pitch
Batting: RHB Eugene Bennett 0-0: Called Strike
0-1: Fielders Choice at 2nd, 6-4 (Groundball, 6, EV 86.9 MPH)
Bottom of the 2nd over - 0 runs, 1 hit, 0 errors, 2 left on base; Panama City 0 - Long Island 1
TOP OF THE 3RD
Panama City Piranhas batting - Pitching for Long Island Lighthouse : RHP Jeremy Brody
Batting: RHB Chrysler Rodriguez 0-0: Called Strike
0-1: Ball
1-1: Called Strike
1-2: Foul Ball, location: 2F
1-2: Ball
2-2: Ball
3-2: Strikes out swinging
Batting: LHB John Mayer 0-0: Fly out, F7 (Flyball, 7S, EV 88.1 MPH)
Batting: LHB Oasiz Wiesblatt 0-0: SINGLE (Line Drive, 8LS, EV 99.4 MPH)
Batting: RHB Cleveland Kraut 0-0: Called Strike
0-1: Ball
1-1: Ground out 1-3 (Groundball, 13, EV 88.1 MPH)
Top of the 3rd over - 0 runs, 1 hit, 0 errors, 1 left on base; Panama City 0 - Long Island 1
BOTTOM OF THE 3RD
Long Island Lighthouse batting - Pitching for Panama City Piranhas : RHP José Rosales
Batting: RHB Mark Toope 0-0: Ball
1-0: Swinging Strike
1-1: Foul Ball, location: 2F
1-2: Strikes out swinging
Batting: RHB Jonas van Claveren 0-0: Called Strike
0-1: Foul Ball, location: 2F
0-2: Ball
1-2: Ball
2-2: Foul Ball, location: 2F
2-2: Ground out 5-3 (Groundball, 5L, EV 90.6 MPH)
Batting: RHB Oliver Villalva 0-0: Called Strike
0-1: SINGLE (Line Drive, 4D, EV 94.4 MPH)
Batting: SHB Vicente Romero 0-0: Ball
1-0: Called Strike
1-1: Ball
2-1: Swinging Strike
2-2: Ground out 4-3 (Groundball, 4, EV 104.4 MPH)
Bottom of the 3rd over - 0 runs, 1 hit, 0 errors, 1 left on base; Panama City 0 - Long Island 1
TOP OF THE 4TH
Panama City Piranhas batting - Pitching for Long Island Lighthouse : RHP Jeremy Brody
Batting: RHB Blaze Alexander 0-0: Called Strike
0-1: Ball
1-1: Fly out, F8 (Line Drive, 8RD, EV 95.0 MPH)
Batting: RHB Kieran Hansen 0-0: Ball
1-0: DOUBLE (Groundball, 5L, EV 101.9 MPH)
Batting: RHB Hyeon-cheong Kim 0-0: Called Strike
0-1: Ball
1-1: Fly out, F7 (Flyball, 7LS, EV 93.8 MPH)
Batting: LHB Ji-e Loh 0-0: Called Strike
0-1: Fly out, F7 (Line Drive, 7, EV 93.8 MPH)
Top of the 4th over - 0 runs, 1 hit, 0 errors, 1 left on base; Panama City 0 - Long Island 1
BOTTOM OF THE 4TH
Long Island Lighthouse batting - Pitching for Panama City Piranhas : RHP José Rosales
Batting: RHB Carlos Mendoza 0-0: Called Strike
0-1: Ball
1-1: SOLO HOME RUN (Flyball, 89XD, EV 110.0 MPH), Distance : 422 ft
Batting: RHB Quan Easterling 0-0: Fly out, F8 (Flyball, 8RD, EV 87.5 MPH)
Batting: LHB Daniel Joseph 0-0: Ground out 4-3 (Groundball, 4, EV 90.0 MPH)
Batting: RHB Nathan Pruitt 0-0: Ball
1-0: Ball
2-0: Foul Ball, location: 2F
2-1: Foul Ball, location: 2F
2-2: Ground out 6-3 (Groundball, 6S, EV 74.4 MPH)
Bottom of the 4th over - 1 run, 1 hit, 0 errors, 0 left on base; Panama City 0 - Long Island 2
TOP OF THE 5TH
Panama City Piranhas batting - Pitching for Long Island Lighthouse : RHP Jeremy Brody
Batting: RHB Carsello Scruggins 0-0: Called Strike
0-1: Swinging Strike
0-2: Fly out, F8 (Flyball, 8RD, EV 104.4 MPH)
Batting: RHB Chrysler Rodriguez 0-0: Foul Ball, location: 2F
0-1: Swinging Strike
0-2: Foul Ball, location: 2F
0-2: Ball
1-2: Ball
2-2: Strikes out looking
Batting: LHB John Mayer 0-0: Ball
1-0: Ball
2-0: TRIPLE (Flyball, 89XD, EV 108.1 MPH)
Batting: LHB Oasiz Wiesblatt 0-0: Ball
1-0: Ball
2-0: Foul Ball, location: 2F
2-1: Ball
Wild Pitch!
John Mayer scores
3-1: Swinging Strike
3-2: Base on Balls
Batting: RHB Cleveland Kraut 0-0: Called Strike
0-1: Foul Ball, location: 2F
0-2: Strikes out swinging
Top of the 5th over - 1 run, 1 hit, 0 errors, 1 left on base; Panama City 1 - Long Island 2
BOTTOM OF THE 5TH
Long Island Lighthouse batting - Pitching for Panama City Piranhas : RHP José Rosales
Batting: RHB Eugene Bennett 0-0: Ball
1-0: Ground out 5-3 (Groundball, 5, EV 90.0 MPH)
Batting: RHB Mark Toope 0-0: Ball
1-0: Ball
2-0: Foul Ball, location: 2F
2-1: Foul Ball, location: 2F
2-2: Foul Ball, location: 2F
2-2: Ball
3-2: Base on Balls
Batting: RHB Jonas van Claveren 0-0: Foul Ball, location: 2F
0-1: Ball
1-1: 2-RUN HOME RUN (Line Drive, 9D, EV 105.6 MPH), Distance : 392 ft
Batting: RHB Oliver Villalva 0-0: Called Strike
0-1: Ball
1-1: Called Strike
1-2: Ball
2-2: Ground out 1-3 (Groundball, 34S, EV 80.0 MPH)
Batting: SHB Vicente Romero 0-0: Ground out U3 (Groundball, 3, EV 105.0 MPH)
Bottom of the 5th over - 2 runs, 1 hit, 0 errors, 0 left on base; Panama City 1 - Long Island 4
TOP OF THE 6TH
Panama City Piranhas batting - Pitching for Long Island Lighthouse : RHP Jeremy Brody
Batting: RHB Blaze Alexander 0-0: Swinging Strike
0-1: Ball
1-1: Ground out 1-3 (Groundball, P, EV 85.6 MPH)
Batting: RHB Kieran Hansen 0-0: Ground out U3 (Groundball, 3, EV 82.5 MPH)
Batting: RHB Hyeon-cheong Kim 0-0: Called Strike
0-1: Swinging Strike
0-2: SINGLE (Groundball, 6MD, EV 100.6 MPH)
Batting: LHB Ji-e Loh 0-0: Ball
1-0: Ground out 1-3 (Groundball, P, EV 84.4 MPH)
Top of the 6th over - 0 runs, 1 hit, 0 errors, 1 left on base; Panama City 1 - Long Island 4
BOTTOM OF THE 6TH
Long Island Lighthouse batting - Pitching for Panama City Piranhas : RHP José Rosales
Batting: RHB Carlos Mendoza 0-0: Ball
1-0: Ball
2-0: Called Strike
2-1: Ground out 5-3 (Groundball, 56, EV 100.6 MPH)
Batting: RHB Quan Easterling 0-0: SINGLE (Groundball, 6MD, EV 110.6 MPH)
Batting: LHB Daniel Joseph 0-0: Called Strike
0-1: Ball
1-1: SINGLE (Line Drive, 78S, EV 90.6 MPH)
Quan Easterling to second
Batting: RHB Nathan Pruitt 0-0: Ball
1-0: Fly out, F7 (Flyball, 7LSF, EV 92.5 MPH)
Batting: RHB Eugene Bennett 0-0: Ball
1-0: DOUBLE (Line Drive, 7LD, EV 110.6 MPH)
Quan Easterling scores
Daniel Joseph to third
Runner from 3rd tries for Home, SAFE, throw by LF to home
Pitching: RHP Vadim Rajnev
Batting: RHB Mark Toope 0-0: Ball
1-0: SINGLE (Line Drive, 8RS, EV 96.2 MPH)
Eugene Bennett to third
Runner from 3rd tries for Home, SAFE, throw by CF to home
Batting: RHB Jonas van Claveren 0-0: Foul Ball, location: 2F
0-1: Foul Ball, location: 2F
0-2: Foul Ball, location: 2F
0-2: Ball
1-2: Ball
2-2: Foul Ball, location: 2F
2-2: Foul Ball, location: 2F
2-2: Foul Ball, location: 2F
2-2: TRIPLE (Flyball, 89XD, EV 109.4 MPH)
Mark Toope scores
Batting: RHB Oliver Villalva 0-0: Called Strike
0-1: Ball
1-1: Swinging Strike
1-2: Foul Ball, location: 2F
1-2: Foul Ball, location: 2F
1-2: Fly out, F8 (Flyball, 89S, EV 85.0 MPH)
Bottom of the 6th over - 4 runs, 5 hits, 0 errors, 1 left on base; Panama City 1 - Long Island 8
TOP OF THE 7TH
Panama City Piranhas batting - Pitching for Long Island Lighthouse : RHP Jeremy Brody
Batting: RHB Carsello Scruggins 0-0: Called Strike
0-1: Ball
1-1: Ball
2-1: TRIPLE (Flyball, 78XD, EV 104.4 MPH)
Pinch Runner at 3rd Craig Tricket:
Batting: RHB Chrysler Rodriguez 0-0: Called Strike
0-1: DOUBLE (Flyball, 8RXD, EV 101.2 MPH)
Craig Tricket scores
Batting: LHB John Mayer 0-0: Ball
1-0: Ball
2-0: Foul Ball, location: 2F
2-1: Ball
3-1: Base on Balls
Batting: LHB Oasiz Wiesblatt 0-0: Ball
1-0: Ball
2-0: Ball
3-0: Base on Balls
Chrysler Rodriguez to third
John Mayer to second
Batting: RHB Cleveland Kraut 0-0: Called Strike
0-1: Reached on error, E6 (Groundball, 56, EV 104.4 MPH)
Chrysler Rodriguez scores
John Mayer to third
Oasiz Wiesblatt to second
Batting: RHB Blaze Alexander 0-0: Ball
1-0: Called Strike
1-1: Ball
2-1: Grounds into double play, 6-4-3 (Groundball, 6, EV 99.4 MPH)
John Mayer scores
Oasiz Wiesblatt to third
Batting: RHB Kieran Hansen 0-0: Ball
1-0: Fly out, F8 (Flyball, 8LS, EV 93.1 MPH)
Top of the 7th over - 3 runs, 2 hits, 1 error, 1 left on base; Panama City 4 - Long Island 8
BOTTOM OF THE 7TH
Long Island Lighthouse batting - Pitching for Panama City Piranhas : RHP Vadim Rajnev
Now at SS: Ashley Thachi
Batting: SHB Vicente Romero 0-0: Ball
1-0: Swinging Strike
1-1: DOUBLE (Flyball, 78D, EV 93.8 MPH)
Batting: RHB Carlos Mendoza 0-0: Called Strike
0-1: Called Strike
0-2: Ball
1-2: Foul Ball, location: 2F
1-2: Ball
2-2: Ground out 5-3 (Groundball, 5L, EV 87.5 MPH)
Batting: RHB Quan Easterling 0-0: Called Strike
0-1: Swinging Strike
0-2: Ball
1-2: SINGLE (Line Drive, 9S, EV 91.9 MPH)
Vicente Romero to third
Batting: LHB Daniel Joseph 0-0: Called Strike
0-1: Ball
1-1: Ball
2-1: Swinging Strike
2-2: Fly out, F8 (Flyball, 8LS, EV 76.2 MPH)
Runner from 3rd tags up, SCORES, throw by CF
Batting: RHB Nathan Pruitt 0-0: Fly out, F8 (Flyball, 8LM, EV 84.4 MPH)
Bottom of the 7th over - 1 run, 2 hits, 0 errors, 1 left on base; Panama City 4 - Long Island 9
TOP OF THE 8TH
Panama City Piranhas batting - Pitching for Long Island Lighthouse : RHP Jeremy Brody
Batting: RHB Hyeon-cheong Kim 0-0: Ball
1-0: Called Strike
1-1: Ball
2-1: Ball
3-1: Called Strike
3-2: Ground out 6-3 (Groundball, 6, EV 110.6 MPH)
Batting: LHB Ji-e Loh 0-0: Ball
1-0: SINGLE (Groundball, 34D, EV 96.2 MPH)
Pitching: LHP Fred Proctor
Batting: LHB Ashley Thachi 0-0: Called Strike
0-1: Called Strike
0-2: Foul Ball, location: 2F
0-2: Strikes out swinging
Batting: RHB Chrysler Rodriguez 0-0: Ball
1-0: Called Strike
1-1: Ball
2-1: Ball
3-1: Base on Balls
Ji-e Loh to second
Batting: LHB John Mayer 0-0: Ball
1-0: Fly out, F6 (Line Drive, 6, EV 60.6 MPH)
Top of the 8th over - 0 runs, 1 hit, 0 errors, 2 left on base; Panama City 4 - Long Island 9
BOTTOM OF THE 8TH
Long Island Lighthouse batting - Pitching for Panama City Piranhas : RHP Vadim Rajnev
Batting: RHB Eugene Bennett 0-0: SINGLE (Groundball, 56, EV 107.5 MPH) (infield hit)
Pitching: RHP Barney Starr
Batting: RHB Mark Toope 0-0: Foul Ball, location: 2F
0-1: Swinging Strike
0-2: Fielders Choice at 2nd, 3-6 (Groundball, 3, EV 81.2 MPH)
Batting: RHB Jonas van Claveren 0-0: Called Strike
0-1: Fly out, F8 (Flyball, 8RXD, EV 87.5 MPH)
Batting: RHB Oliver Villalva 0-0: Called Strike
0-1: Foul Ball, location: 2F
0-2: Strikes out swinging
Bottom of the 8th over - 0 runs, 1 hit, 0 errors, 1 left on base; Panama City 4 - Long Island 9
TOP OF THE 9TH
Panama City Piranhas batting - Pitching for Long Island Lighthouse : LHP Fred Proctor
Batting: LHB Oasiz Wiesblatt 0-0: Foul Ball, location: 2F
0-1: Fly out, F7 (Line Drive, 7, EV 93.1 MPH)
Batting: RHB Cleveland Kraut 0-0: Called Strike
0-1: Ball
1-1: Fly out, F2 (Popup, 13S, EV 89.4 MPH)
Batting: RHB Blaze Alexander 0-0: Called Strike
0-1: Ball
1-1: Foul Ball, location: 2F
1-2: Fly out, F8 (Flyball, 8RD, EV 91.2 MPH)
Top of the 9th over - 0 runs, 0 hits, 0 errors, 0 left on base; Panama City 4 - Long Island 9
Tuesday, January 5th, 2021 - OOTP Baseball 20.8 Build 74